Map: [ESL] Inside and Out

Players

RagnaroK (SHIN)

  • Race: Zerg Zerg
  • Spawn Location: 7:00

Elazer - Winner!

  • Race: Zerg Zerg
  • Spawn Location: 1:00

Event: DreamHack SC2 Masters 2022 Valencia

VOD

Have the link to the VOD?

Description

Time

  • Played on: July 2, 2022, 10:58 a.m.
  • Length: 14:04

All games in this series

Show
View Real Time Build Order
Export as new Build Order

RagnaroK Zerg 

Build Orders: Pool First 

Get SALT Encoding   

  12  0:17  Spawning Pool  
  11  0:21  Drone  
  11  0:25  Drone  
  13  0:30  Drone  
  14  0:40  Overlord  
  14  1:03  Zergling x2  
  14  1:04  Zergling x2  
  16  1:05  Zergling x2  
  17  1:15  Zergling x2  
  17  1:17  Hatchery  
  17  1:27  Zergling x2  
  17  1:31  Queen  
  20  1:37  Zergling x2  
  21  1:49  Overlord  
  21  1:59  Drone  
  22  2:11  Drone  
  22  2:12  Queen  
  25  2:19  Drone  
  26  2:29  Drone, Queen  
  28  2:32  Drone  
  28  2:40  Drone  
  28  2:42  Drone x3  
  30  2:47  Queen  
  32  2:53  Drone  
  32  2:57  Overlord  
  33  3:01  Drone  
  34  3:08  Drone  
  35  3:15  Overlord  
  35  3:16  Drone  
  35  3:19  Drone x2  
  37  3:20  Drone  
  37  3:23  Drone  
  39  3:30  Drone  
  39  3:35  Drone  
  39  3:37  Extractor x2  
  39  3:39  Drone  
  39  3:44  Roach Warren, Drone x2  
  39  3:45  Evolution Chamber, Drone  
  39  3:47  Drone  
  41  3:51  Drone  
  41  3:55  Drone x3  
  44  3:59  Drone  
  44  4:01  Evolution Chamber  
  45  4:03  Drone  
  45  4:08  Overlord  
  46  4:23  Metabolic Boost, Overlord  
  46  4:25  Zergling x10  
  51  4:35  Hatchery  
  51  4:37  Zergling x6  
  53  4:42  Zerg Missile Weapons Level 1  
  53  4:44  Zergling x4  
  55  4:52  Zergling x6  
  58  4:54  Overlord  
  58  4:56  Zergling x2  
  58  4:57  Zergling x2  
  60  5:02  Zergling x6  
  60  5:06  Overlord  
  63  5:09  Zergling x2  
  63  5:12  Lair  
  64  5:15  Extractor  
  64  5:17  Overlord  
  64  5:21  Zergling x2  
  64  5:28  Zergling x2  
  65  5:29  Zerg Ground Armor Level 1  
  65  5:30  Zergling x8  
  65  5:33  Drone  
  65  5:34  Drone  
  71  5:35  Drone  
  72  5:44  Drone x2  
  72  5:49  Zergling x2  
  75  5:54  Zergling x2  
  76  5:58  Overlord  
  76  5:59  Drone x4  
  76  6:03  Roach x3  
  86  6:06  Roach  
  86  6:08  Overlord  
  88  6:15  Glial Reconstitution  
  88  6:17  Overseer  
  88  6:20  Roach x2  
  88  6:23  Drone x2  
  94  6:27  Roach x2  
  96  6:36  Zerg Missile Weapons Level 2  
  96  6:38  Roach  
  98  6:41  Overlord  
  98  6:44  Roach x2  
  98  6:46  Zergling x10  
  107  6:54  Zergling x10  
  107  6:56  Zergling x2  
  107  6:57  Zergling x2  
  107  6:59  Overlord  
  114  7:02  Roach  
  114  7:05  Roach  
  114  7:07  Roach  
  114  7:08  Roach  
  122  7:10  Overlord  
  122  7:13  Roach  
  122  7:14  Roach  
  117  7:16  Roach  
  117  7:19  Roach  
  117  7:21  Roach  
  102  7:23  Roach  
  102  7:24  Roach  
  102  7:26  Roach  
  99  7:30  Roach  
  99  7:31  Roach  
  99  7:35  Roach  
  98  7:37  Zergling x2  
  98  7:41  Zergling x2  
  98  7:42  Roach, Zergling x6  
  91  7:46  Roach  
  83  7:53  Roach  
  83  7:56  Roach  
  84  8:04  Roach x2  
  84  8:05  Ravager  
  76  8:12  Queen x2  
  71  8:14  Roach  
  71  8:15  Roach  
  71  8:16  Roach  
  71  8:19  Roach, Ravager  
  76  8:21  Roach x2  
  76  8:25  Hatchery  
  77  8:27  Roach  
  77  8:30  Roach  
  79  8:36  Roach x2  
  83  8:46  Roach  
  83  8:48  Roach, Queen  
  87  8:56  Overlord  
  87  8:57  Roach, Extractor  
  88  9:07  Roach  
  88  9:08  Roach  
  92  9:18  Roach  
  92  9:19  Roach x3  
  92  9:20  Roach x2  
  104  9:31  Roach x2  
  108  9:34  Zerg Ground Armor Level 2  
  108  9:39  Roach  
  108  9:40  Roach  
  108  9:41  Roach  
  100  9:49  Roach  
  100  9:50  Drone  
  100  9:51  Drone x3  
  95  9:52  Drone  
  95  9:53  Drone x2  
  95  9:54  Drone  
  95  9:58  Roach  
  96  10:01  Queen  
  96  10:04  Ravager  
  96  10:05  Roach  
  101  10:07  Ravager  
  101  10:10  Roach  
  101  10:12  Roach  
  106  10:15  Roach  
  106  10:18  Roach  
  106  10:21  Roach  
  112  10:24  Roach  
  112  10:26  Roach  
  116  10:30  Roach  
  116  10:31  Roach  
  116  10:32  Roach  
  116  10:34  Roach  
  118  10:36  Roach  
  118  10:38  Roach  
  118  10:41  Drone x2  
  106  10:43  Roach  
  106  10:46  Drone x2  
  106  10:51  Burrow  
  106  10:52  Tunneling Claws  
  106  10:54  Roach  
  110  10:57  Roach  
  110  11:00  Roach  
  110  11:01  Roach  
  110  11:02  Extractor  
  113  11:05  Roach  
  113  11:08  Roach  
  117  11:11  Roach  
  117  11:16  Roach  
  121  11:19  Drone  
  121  11:20  Roach  
  121  11:23  Roach  
  126  11:27  Roach x2  
  126  11:28  Hatchery  
  126  11:30  Roach  
  126  11:31  Roach  
  133  11:34  Overlord  
  133  11:36  Roach  
  133  11:38  Roach  
  137  11:41  Overlord  
  137  11:44  Overlord  
  137  11:47  Overlord  
  137  11:50  Overlord  
  137  11:53  Roach  
  137  11:54  Roach  
  141  11:56  Overlord  
  141  12:00  Roach  
  141  12:02  Roach  
  141  12:03  Roach x4  
  141  12:08  Roach x2  
  147  12:11  Roach  
  147  12:13  Roach  
  145  12:15  Roach  
  145  12:18  Roach  
  145  12:20  Roach x3  
  145  12:22  Roach  
  151  12:25  Roach x6  
  151  12:27  Roach  
  151  12:29  Roach  
  155  12:31  Roach  
  155  12:33  Roach  
  157  12:37  Roach  
  157  12:38  Roach  
  157  12:41  Roach  
  157  12:45  Roach  
  157  12:47  Roach  
  157  12:48  Roach  
  153  12:52  Roach  
  153  12:53  Roach  
  155  12:59  Roach x2  
  155  13:01  Roach  
  155  13:04  Roach  
  155  13:05  Roach  
  158  13:06  Ravager  
  158  13:08  Roach  
  158  13:10  Ravager x4  
  164  13:13  Roach  
  164  13:14  Roach x4  
  164  13:15  Roach  
  164  13:19  Roach x2  
  172  13:21  Roach x4  
  172  13:25  Roach  
  172  13:26  Roach  
  166  13:31  Roach  
  166  13:32  Roach x2  
  152  13:35  Roach  
  152  13:37  Roach  
  152  13:39  Roach  
  132  13:41  Roach x4  
  132  13:42  Roach  
Show
View Real Time Build Order
Export as new Build Order

Elazer Zerg - Winner!

Build Orders: Hatch First 

Get SALT Encoding   

  12  0:00  Drone  
  13  0:12  Overlord  
  13  0:16  Drone  
  14  0:30  Drone x2  
  16  0:47  Hatchery  
  15  0:50  Drone  
  15  0:54  Drone  
  17  0:57  Drone  
  18  1:08  Extractor  
  17  1:13  Spawning Pool  
  17  1:15  Drone  
  17  1:19  Drone  
  18  1:27  Drone  
  19  2:00  Queen x2  
  19  2:01  Zergling x8  
  23  2:25  Drone x4  
  27  2:32  Drone  
  26  2:37  Drone  
  26  2:47  Drone x2  
  28  2:56  Overlord  
  28  3:15  Drone x4  
  32  3:21  Overlord  
  32  3:30  Drone x3  
  34  3:35  Drone x2  
  34  3:40  Overlord  
  34  3:41  Drone x4  
  40  3:48  Drone  
  41  4:00  Drone x2, Hatchery  
  41  4:02  Metabolic Boost  
  42  4:05  Drone  
  42  4:09  Drone x2  
  45  4:11  Drone  
  45  4:12  Drone  
  45  4:15  Drone x2  
  49  4:23  Evolution Chamber, Overlord  
  48  4:24  Drone  
  48  4:27  Drone x2  
  51  4:34  Overlord  
  51  4:35  Drone  
  52  4:41  Overlord  
  52  4:47  Zergling x4  
  52  4:48  Zergling x4  
  52  4:52  Extractor  
  55  4:53  Extractor, Zergling x4  
  55  4:56  Zergling x6  
  55  4:58  Zerg Ground Armor Level 1  
  59  5:01  Zergling x2  
  59  5:02  Zergling x4  
  59  5:03  Zergling x2  
  63  5:07  Roach Warren  
  63  5:08  Zergling x2  
  63  5:16  Zergling x6  
  63  5:17  Queen  
  68  5:24  Overlord  
  68  5:25  Drone x3  
  68  5:28  Drone  
  72  5:34  Zergling x6  
  75  5:37  Zergling x2  
  75  5:38  Zergling x2  
  77  5:45  Zergling x4  
  78  5:52  Roach  
  78  5:56  Roach  
  78  5:57  Roach x4  
  90  5:59  Overlord  
  90  6:00  Overlord  
  90  6:05  Overlord  
  90  6:17  Overlord  
  90  6:20  Roach x5  
  100  6:29  Roach x3  
  100  6:31  Zergling x12  
  112  6:41  Ravager  
  112  6:42  Overlord, Ravager x4  
  112  6:43  Overlord  
  117  6:49  Zergling x8  
  117  6:53  Ravager  
  121  6:58  Overlord  
  121  6:59  Overlord  
  122  7:01  Zergling x12  
  122  7:02  Ravager  
  122  7:05  Zergling x6  
  124  7:18  Zergling x8  
  112  7:27  Zergling x12  
  108  7:31  Zergling x6  
  108  7:32  Ravager  
  108  7:33  Ravager  
  108  7:36  Zergling x2  
  109  7:41  Zergling x4  
  103  7:50  Zergling x6  
  95  7:55  Zergling x12  
  81  8:06  Zergling x10  
  81  8:09  Zergling x2  
  81  8:11  Zerg Missile Weapons Level 1, Lair  
  80  8:17  Roach x2  
  74  8:21  Roach  
  74  8:25  Roach  
  74  8:26  Roach x8  
  93  8:28  Overlord  
  93  8:31  Queen x2  
  93  8:33  Drone  
  97  8:43  Drone x3  
  99  8:53  Roach x3  
  104  8:57  Overlord  
  104  9:00  Overlord  
  104  9:01  Roach x8  
  120  9:08  Glial Reconstitution, Overlord  
  120  9:11  Overseer  
  120  9:12  Overlord  
  120  9:17  Overlord  
  120  9:21  Roach x2  
  124  9:25  Roach x2  
  124  9:29  Roach x2  
  132  9:35  Overlord  
  132  9:43  Roach  
  132  9:44  Roach x4  
  118  9:49  Roach  
  106  9:58  Drone x8  
  112  10:01  Drone x3  
  112  10:03  Extractor  
  112  10:04  Extractor  
  113  10:08  Zerg Missile Weapons Level 2  
  113  10:12  Drone  
  113  10:13  Drone x4  
  118  10:20  Ravager  
  119  10:22  Roach x2  
  119  10:26  Hatchery  
  119  10:27  Roach  
  119  10:28  Roach  
  126  10:35  Roach x4  
  118  10:43  Roach  
  118  10:44  Roach x3  
  120  10:51  Roach x4  
  128  10:57  Roach x3  
  128  11:03  Roach x2  
  138  11:05  Roach x2  
  142  11:11  Roach x2  
  146  11:20  Roach x4  
  146  11:23  Extractor  
  153  11:30  Roach x5  
  163  11:37  Overlord x2  
  163  11:40  Roach  
  163  11:42  Ravager  
  163  11:43  Ravager  
  163  11:44  Ravager  
  168  11:47  Roach x3  
  168  11:53  Roach  
  168  11:54  Roach x3  
  182  12:04  Roach x5  
  192  12:13  Roach  
  192  12:14  Roach x3  
  192  12:15  Overseer  
  200  12:19  Overseer  
  200  12:23  Overseer  
  200  12:28  Drone x3  
  199  12:34  Pneumatized Carapace  
  198  12:47  Drone x3  
  200  12:57  Roach  
  200  13:05  Infestation Pit  
  200  13:12  Spine Crawler  
  198  13:20  Spine Crawler  
  178  13:36  Roach x14  
  178  13:37  Roach x2  

Tags
 
Add a new tag
Caveats
  • Supply blocks, unpowered buildings, or Contaminate may cause inaccurate times.
  • Supply counts are checked every 10 seconds.